 Dungeon Crawl Stone Soup version 0.26.1-11-gd32895ea62 (webtiles) character file.

Game seed: 4057800463750989046

5201 Ijustatesigmund the Cudgeller (level 10, -11/71 HPs)
             Began as an Octopode Fighter on July 13, 2021.
             Was a High Priest of Cheibriados.
             Mangled by an ogre
             ... wielding a cursed -2 giant club
              (15 damage)
             ... on level 10 of the Dungeon.
             The game lasted 00:15:55 (8011 turns).

Ijustatesigmund the Cudgeller (Octopode Fighter)    Turns: 8011, Time: 00:15:55

Health: -11/71     AC:  1    Str: 36    XL:     10   Next: 60%
Magic:  13/14      EV: 23    Int: 26    God:    Cheibriados [*****.]
Gold:   550        SH: 16    Dex: 26    Spells: 9/9 levels left

rFire    + . .     SeeInvis .   a - +1 flail
rCold    . . .     Faith    .   b - +3 kite shield
rNeg     . . .     Spirit   .   (helmet restricted)
rPois    .         Reflect  .   e - amulet of regeneration
rElec    .         Harm     .   r - +4 ring of evasion
rCorr    +         Rampage  .   t - +6 ring of strength
Will     .....                  c - ring of resist corrosion
Stlth    ++++......             m - ring of protection from fire
HPRegen  0.61/turn              (no ring)
MPRegen  0.14/turn              (no ring)
                                (no ring)
                                (no ring)

@: very slow
A: almost no armour, stealthy swim, amphibious, 8 rings, constrict 8, camouflage
1, strong 1, gelatinous body 1, MP-powered wands
a: Renounce Religion, Bend Time, Temporal Distortion, Slouch, Step From Time


You were on level 10 of the Dungeon.
You worshipped Cheibriados.
Cheibriados was extremely pleased with you.
You visited 1 branch of the dungeon, and saw 10 of its levels.
You also visited: Ossuary.

You collected 610 gold pieces.
You spent 60 gold pieces at shops.

Inventory:

Hand Weapons
 a - a +1 flail (weapon)
Armour
 b - a +3 kite shield (worn)
Jewellery
 c - a ring of resist corrosion (on tentacle)
 e - an amulet of regeneration (around mantle)
 h - an uncursed amulet of the acrobat
 m - a ring of protection from fire (on tentacle)
 r - a +4 ring of evasion (left tentacle)
 t - a +6 ring of strength (right tentacle)
 v - an uncursed amulet of reflection {unknown}
 y - a cursed amulet of faith {unknown}
Wands
 n - a wand of paralysis (8)
 q - a wand of iceblast (5)
 C - a wand of polymorph (7)
 D - a wand of disintegration (8)
Scrolls
 g - 5 scrolls of teleportation
 l - a scroll of vulnerability
 s - 2 scrolls of holy word
 u - 3 scrolls of remove curse
 w - a scroll of fog
 x - a scroll of amnesia
 B - a scroll of magic mapping
Potions
 d - a potion of lignification
 f - 5 potions of curing
 i - 3 potions of attraction
 j - a potion of brilliance
 k - 2 potions of flight
 o - 2 potions of invisibility
 p - a potion of cancellation {unknown}
 z - 3 potions of heal wounds
 A - a potion of ambrosia {unknown}


   Skills:
 + Level 7.5 Fighting
 + Level 7.9 Maces & Flails
 + Level 7.7 Dodging
 - Level 3.1 Stealth
 + Level 6.4 Shields
 + Level 6.5 Invocations
 - Level 2.3 Evocations


You had 9 spell levels left.
You didn't know any spells.
Your spell library contained the following spells:

 Spells                   Type           Power        Failure   Level
 Corona                   Hex            0%           36%         1
 Magic Dart               Conj           0%           36%         1
 Blink                    Tloc           N/A          50%         2
 Call Imp                 Summ           0%           50%         2
 Slow                     Hex            0%           50%         2
 Conjure Flame            Conj/Fire      0%           75%         3
 Inner Flame              Hex/Fire       0%           75%         3
 Mephitic Cloud           Conj/Pois/Air  0%           75%         3
 Portal Projectile        Hex/Tloc       0%           75%         3
 Cause Fear               Hex            0%           98%         4
 Leda's Liquefaction      Hex/Erth       0%           98%         4


Dungeon Overview and Level Annotations

Branches:
Dungeon (10/15)            Temple (0/1) D:7             Orc (0/2) D:10
Ossuary (visited)
   Lair: D:8-11

Altars:
Cheibriados
Elyvilon
Qazlal
Ru
Trog

Shops:
D:9 ?


Innate Abilities, Weirdness & Mutations

You cannot wear most types of armour.
You are very stealthy in the water. (Stealth+)
You are amphibious.
You can wear up to eight rings at the same time.
You can use your tentacles to constrict eight enemies at once.
Your skin changes colour to match your surroundings (Stealth+).
Your rubbery body absorbs attacks. (AC +1, EV +1)
Your muscles are strong. (Str +2)
You expend magic power (3 MP) to strengthen your wands.


Message History

You block the gnoll sergeant's attack. The troll barely misses you.
You block the troll's attack. The troll claws you!
You completely miss the troll. You block the gnoll sergeant's attack.
The troll misses you. The troll barely misses you. The troll misses you.
The gnoll sergeant hits you from afar with a +0 spear.
The troll bites you. The troll claws you! The troll misses you.
You hit the troll. You squeeze the troll!!
The troll is heavily wounded.
The gnoll sergeant closely misses you. The troll bites you!!
* * * LOW HITPOINT WARNING * * *
You block the troll's attack. x2
You bludgeon the troll!!
You kill the troll!
Cheibriados thoroughly appreciates the change of pace.
The troll leather armour is intact enough to wear.
You block the orc's attack.
The gnoll sergeant hits you from afar with a +0 spear!
* * * LOW HITPOINT WARNING * * *
The ogre hits you with a cursed -2 giant club!
You die...

# # .## ..# #####
#.#
##########8.g.8#.#
.........#.o..o#.#
.........#TOo..og#
########## #O# #@#
############ #.#
...........#####.#
.................#
...........#######
...........#
...........#
...........#
...........#


You could see an ogre, a gnoll sergeant and 2 orcs.

Vanquished Creatures
  Pikel (D:6)
  A troll (D:10)
  Grinder (D:6)
  A wyvern (D:8)
  Edmund (D:6)
  2 orc warriors
  A black bear (D:6)
  2 sky beasts (D:7)
  A phantom (D:4)
  3 ice beasts
  6 ogres
  6 centaurs
  4 lemures (D:6)
  4 big kobolds
  An elf zombie (Ossuary)
  A gnoll sergeant (D:10)
  A scorpion (D:7)
  4 killer bees (D:9)
  3 howler monkeys
  A jelly (D:6)
  2 centaur zombies (Ossuary)
  A human zombie (Ossuary)
  2 centaur skeletons
  4 bullfrog zombies
  4 hounds
  3 bullfrog skeletons
  An orc priest (D:6)
  9 orc wizards
  2 iguanas
  5 worker ants
  A killer bee zombie (D:7)
  3 big kobold zombies (Ossuary)
  3 mummies (Ossuary)
  2 hound zombies (Ossuary)
  3 worker ant zombies
  2 gnolls (D:10)
  9 adders
  A shadow imp (D:5)
  3 white imps
  3 ufetubi
  An adder skeleton (D:4)
  7 adder zombies (Ossuary)
  4 worms
  2 leopard geckos
  35 orcs
  6 bats
  4 giant cockroaches
  7 goblins
  10 hobgoblins
  6 jackals
  3 quokkas
  A ball python (D:1)
  A ball python skeleton (D:4)
  6 frilled lizards
  3 goblin zombies (Ossuary)
  5 jackal zombies (Ossuary)
  23 kobolds
  5 kobold zombies (Ossuary)
  A leopard gecko skeleton (D:4)
  A leopard gecko zombie (D:5)
  3 quokka zombies
  8 rats
  A rat zombie (Ossuary)
251 creatures vanquished.

Vanquished Creatures (others)
  A quokka (D:10)
1 creature vanquished.

Grand Total: 252 creatures vanquished

Notes
Turn   | Place    | Note
-------+----------+-------------------------------------------
     0 | D:1      | Ijustatesigmund the Octopode Fighter began the quest for
                  | the Orb.
     0 | D:1      | Reached XP level 1. HP: 16/16 MP: 1/1
   268 | D:1      | Reached XP level 2. HP: 21/21 MP: 2/2
   937 | D:2      | Found a stormy altar of Qazlal.
   941 | D:2      | Found a white marble altar of Elyvilon.
   948 | D:2      | Reached XP level 3. HP: 24/26 MP: 3/3
  1265 | D:2      | Reached XP level 4. HP: 30/32 MP: 4/4
  1553 | D:3      | Found a snail-covered altar of Cheibriados.
  1676 | D:3      | Found a sacrificial altar of Ru.
  1682 | D:3      | Reached XP level 5. HP: 37/37 MP: 5/5
  1827 | D:3      | Noticed a big kobold
  2289 | D:3      | Killed a big kobold
  2351 | D:3      | Became a worshipper of Cheibriados the Contemplative
  2377 | D:4      | Reached XP level 6. HP: 44/44 MP: 6/6
  2389 | D:4      | Reached skill level 5 in Maces & Flails
  2473 | D:4      | Reached skill level 1 in Invocations
  2477 | D:4      | Reached XP level 7. HP: 6/49 MP: 6/8
  2708 | D:4      | Found a sand-covered staircase.
  2712 | Ossuary  | Entered an ossuary
  2724 | Ossuary  | Reached * piety under Cheibriados
  2730 | Ossuary  | Reached skill level 5 in Fighting
  2971 | Ossuary  | Reached ** piety under Cheibriados
  2972 | Ossuary  | Reached XP level 8. HP: 53/55 MP: 10/10
  3493 | D:5      | Entered Level 5 of the Dungeon
  3596 | D:5      | Reached *** piety under Cheibriados
  4347 | D:6      | Reached skill level 5 in Dodging
  4347 | D:6      | Reached skill level 5 in Shields
  4393 | D:6      | Noticed Grinder
  4393 | D:6      | Noticed Pikel
  4420 | D:6      | Killed Grinder
  4421 | D:6      | Reached XP level 9. HP: 56/62 MP: 12/12
  4457 | D:6      | Killed Pikel
  4512 | D:6      | Reached skill level 5 in Invocations
  4603 | D:6      | Noticed Edmund
  4609 | D:6      | Killed Edmund
  4610 | D:6      | Reached skill level 1 in Stealth
  4917 | D:6      | Reached skill level 1 in Evocations
  5100 | D:7      | Reached **** piety under Cheibriados
  5134 | D:7      | Found a staircase to the Ecumenical Temple.
  5380 | D:7      | Reached XP level 10. HP: 7/69 MP: 14/14
  5384 | D:7      | HP: 1/103 [orc warrior/+0 short sword (10)]
  5585 | D:7      | Gained mutation: Your muscles are strong. (Str +2) [potion
                  | of mutation]
  5585 | D:7      | Gained mutation: You expend magic power (3 MP) to
                  | strengthen your wands. [potion of mutation]
  5685 | D:7      | Reached ***** piety under Cheibriados
  6949 | D:9      | Noticed a moth of wrath
  6951 | D:9      | Found a bloodstained altar of Trog.
  7372 | D:9      | Found Fiudela's Magic Scroll Emporium.
  7380 | D:9      | Bought a scroll of identify for 30 gold pieces
  7380 | D:9      | Bought a scroll of identify for 30 gold pieces
  7913 | D:10     | Entered Level 10 of the Dungeon
  7995 | D:10     | Found a staircase to the Orcish Mines.
  8011 | D:10     | Mangled by an ogre

Illustrated notes

Levels and vault maps discovered:
D:1:      onia_arrival_mini_spirals, layout_loops_ring, chequers_big_river
D:2:      layout_basic, grunt_temple_overflow_open
D:3:      cheibrodos_thug_alley, layout_basic,
          nicolae_ru_great_annihilating_truth, serial_curves, eino_curves_04,
          eino_curves_02, hangedman_decor_push, cheibriados_altar_1
D:4:      layout_gridville, enter_ossuary_5, minmay_unequal
D:5:      layout_basic, serial_bayou_pond_d
D:6:      layout_basic, uniq_edmund, uniq_grinder, uniq_pikel
D:7:      layout_cave_pods, minmay_temple_entry_junction
D:8:      layout_loops_ring, roderic_lattice_a
D:9:      corexii_shack_village, layout_layer_cave, tgw_trog, serial_shops,
          shop, hangedman_minor_gate_pass
D:10:     layout_long_grid, lair_entry_dummy,
          kennysheep_orc_monster_closet_entryway, elyvilon_altar_4

Skill      XL: |  1  2  3  4  5  6  7  8  9 10 |
---------------+-------------------------------+-----
Maces & Flails | 3 4 5 6 7 |  7.9
Fighting       | 4 5 6 7 |  7.5
Invocations    | 1 2 4 5 6 |  6.5
Dodging        | 4 5 6 7 |  7.7
Shields        | 4 5 6 |  6.4
Stealth        | 3 |  3.1
Evocations     | 2 |  2.3

Action                   |  1- 3 |  4- 6 |  7- 9 | 10-12 || total
-------------------------+-------+-------+-------+-------++-------
Melee: Flail             |    66 |    60 |   268 |   101 ||   495
       Constrict         |    18 |    19 |    70 |    28 ||   135
       Tentacles         |     5 |    15 |    96 |    43 ||   159
Evoke: Wand              |       |       |       |     3 ||     3
  Use: Scroll            |     5 |     4 |    10 |     7 ||    26
       Potion            |       |     1 |     1 |     1 ||     3
 Stab: Sleeping          |     3 |     3 |    14 |    13 ||    33
       Paralysed         |       |     1 |       |       ||     1
       Distracted        |       |       |     2 |       ||     2
Armor: Skin              |    10 |     2 |     7 |       ||    19
Dodge: Dodged            |    25 |    22 |   138 |    47 ||   232
Block: Kite shield       |    30 |    19 |   157 |    85 ||   291
